Map: Dusk Towers

Players

Miszu - Winner!

  • Race: Terran Terran
  • League: Master

Matiz

  • Race: Zerg Zerg
  • League: Master

VOD

Have the link to the VOD?

Description

Time

  • Played on: April 2, 2016, 11:44 a.m.
  • Length: 6:35
Show
View Real Time Build Order
Export as new Build Order

Miszu Terran - Winner!

Build Orders: Reaper Expand, MMM Bio 

Get SALT Encoding   

  12  0:00  SCV  
  13  0:13  SCV  
  14  0:17  Supply Depot  
  14  0:25  SCV  
  15  0:39  SCV  
  15  0:40  Barracks  
  16  0:45  Refinery  
  16  0:51  SCV  
  17  1:03  SCV  
  18  1:15  SCV  
  19  1:27  Orbital Command  
  19  1:29  Reaper  
  20  1:39  Command Center  
  20  1:49  Supply Depot  
  20  1:53  SCV  
  21  2:02  Barracks Reactor  
  21  2:05  SCV  
  22  2:17  SCV  
  22  2:22  Command Center  
  23  2:29  SCV  
  24  2:38  Marine x2  
  24  2:41  SCV  
  27  2:51  Orbital Command  
  27  2:53  SCV  
  27  2:55  Marine  
  27  2:56  Marine  
  30  3:02  Barracks  
  30  3:03  Barracks  
  30  3:06  SCV  
  30  3:10  Refinery  
  31  3:15  Marine x2  
  31  3:18  SCV  
  31  3:19  SCV  
  35  3:30  SCV  
  35  3:32  SCV  
  35  3:33  Marine x2  
  39  3:35  Orbital Command  
  39  3:42  SCV  
  39  3:44  SCV  
  41  3:49  Factory  
  41  3:51  Barracks Tech Lab x2  
  41  3:54  Marine x2, SCV  
  44  3:56  SCV  
  45  4:03  SCV  
  46  4:11  Marine x3  
  46  4:12  Marine  
  46  4:13  Stimpack  
  46  4:15  Combat Shields  
  49  4:21  Supply Depot  
  49  4:24  SCV x3  
  49  4:29  Marine x3  
  49  4:30  Supply Depot, Marine  
  56  4:36  Starport  
  56  4:37  Factory Reactor  
  57  4:38  SCV  
  57  4:40  SCV  
  57  4:41  SCV  
  59  4:46  Marine  
  59  4:47  Marine  
  59  4:49  Marine x2  
  59  4:52  Bunker, Refinery  
  63  4:54  Refinery  
  63  4:57  Supply Depot  
  63  4:59  SCV  
  64  5:03  Orbital Command  
  64  5:04  Marine, SCV  
  64  5:06  Marine  
  67  5:09  Marine x2  
  67  5:11  SCV  
  70  5:16  SCV  
  70  5:20  Factory Tech Lab  
  71  5:22  Engineering Bay, Marine  
  71  5:23  Engineering Bay, SCV  
  71  5:27  Marine x2  
  75  5:31  Medivac x2  
  75  5:34  Marine  
  80  5:37  SCV  
  80  5:38  SCV x2  
  80  5:41  Marine  
  84  5:45  Marine  
  85  5:55  Marine, Siege Tank  
  89  6:07  Marine  
  89  6:08  Marine  
  73  6:21  SCV x3  
Show
View Real Time Build Order
Export as new Build Order

Matiz Zerg 

Build Orders: Hatch First, Roach Nydus 

Get SALT Encoding   

  12  0:01  Drone  
  13  0:13  Overlord  
  13  0:17  Drone  
  14  0:23  Extractor, Drone  
  15  0:33  Drone  
  16  0:36  Drone  
  17  0:54  Hatchery  
  17  0:56  Drone  
  17  0:58  Drone  
  17  1:01  Extractor  
  17  1:07  Drone  
  18  1:18  Spawning Pool  
  17  1:20  Drone  
  18  1:34  Drone  
  19  1:40  Overlord  
  19  2:05  Metabolic Boost, Queen  
  19  2:07  Zergling x6  
  19  2:08  Queen  
  24  2:13  Drone  
  27  2:17  Drone  
  28  2:23  Drone  
  28  2:27  Drone  
  30  2:34  Drone  
  31  2:38  Drone  
  32  2:44  Drone  
  32  2:50  Overlord  
  33  2:52  Queen  
  33  2:56  Overlord  
  35  3:01  Drone  
  36  3:08  Lair  
  36  3:09  Drone  
  37  3:14  Drone  
  37  3:16  Drone x2  
  37  3:17  Drone  
  37  3:19  Overlord  
  41  3:20  Drone  
  42  3:30  Drone x3  
  42  3:33  Extractor  
  44  3:37  Queen  
  46  3:46  Drone x4  
  46  3:47  Drone  
  46  3:48  Drone  
  52  3:49  Extractor  
  52  3:53  Roach Warren  
  49  4:03  Drone x3  
  49  4:07  Overlord  
  52  4:19  Baneling Nest  
  52  4:21  Queen, Drone x3  
  52  4:22  Nydus Network  
  55  4:26  Queen  
  57  4:37  Overlord  
  59  4:38  Roach x3  
  59  4:42  Overlord  
  63  4:47  Roach x2  
  67  4:53  Overlord  
  67  4:57  Overlord, Queen  
  69  5:03  Baneling x4  
  69  5:23  Roach x7  
  69  5:24  Roach x3  
  69  5:28  Nydus Canal  
  89  5:30  Overseer  
  89  5:33  Roach  
  91  5:37  Overlord  
  91  5:38  Roach  
  93  5:48  Zergling x4, Nydus Canal  
  93  5:49  Zergling x4  
  95  6:09  Roach x3  
  95  6:10  Roach x2  
  89  6:14  Roach x3  
Tags
 
Add a new tag
Caveats
  • Supply blocks, unpowered buildings, or Contaminate may cause inaccurate times.
  • Supply counts are checked every 10 seconds.